 Dungeon Crawl Stone Soup version 0.24-a0-10-gb84795d (webtiles) character file.

Game seed: 2226269507572303076

9177 Inarius the Unseen (level 11, -5/46 HPs)
             Began as a Felid Fighter on Jan 30, 2019.
             Slain by a black mamba (10 damage)
             ... on level 3 of the Lair of Beasts on Jan 31, 2019.
             The game lasted 00:44:21 (21492 turns).

Inarius the Unseen (Felid Fighter)                 Turns: 21492, Time: 00:44:22

Health: -5/46      AC:  3    Str: 12    XL:     11   Next: 19%
Magic:  0/19       EV: 26    Int:  7    God:
Gold:   187        SH:  0    Dex: 21    Spells: 17/20 levels left
                                        Lives:  0   Deaths: 3

rFire    . . .     SeeInvis +     - Unarmed
rCold    + . .     Gourm    .   (shield unavailable)
rNeg     . . .     Faith    .   (armour unavailable)
rPois    +         Spirit   +   (helmet unavailable)
rElec    .         Reflect  .   (cloak unavailable)
rCorr    .         Harm     .   (gloves unavailable)
MR       +....     Rnd*Tele +   (boots unavailable)
Stlth    ++++++++..             o - amulet of guardian spirit
HPRegen  0.15/turn              h - ring of stealth
MPRegen  0.16/turn              s - ring of poison resistance

@: about to teleport, quick
A: very small, no armour, no weapons or thrown items, stealth, claws 1, fangs 3,
see invisible, carnivore, dopey 1, speed 1, frail 1, sense surroundings 1,
screaming 1, shaggy fur 3, slow metabolism 1, teleportitis 1, sharp paws
a: no special abilities


You were on level 3 of the Lair of Beasts.
You were full.

You visited 3 branches of the dungeon, and saw 16 of its levels.
You also visited: Gauntlet.

You collected 584 gold pieces.
You spent 397 gold pieces at shops.

Inventory:

Jewellery
 c - an uncursed ring of protection from cold
 h - a ring of stealth (left paw)
 o - an amulet of guardian spirit (around neck)
 s - a ring of poison resistance (right paw)
 t - an uncursed amulet of magic regeneration {unknown}
Wands
 a - a wand of paralysis (12)
 g - a wand of enslavement (13)
 x - a wand of disintegration (3)
Scrolls
 e - 4 scrolls of immolation
 i - 3 scrolls of amnesia
 j - 10 scrolls of remove curse
 k - 8 scrolls of teleportation
 m - a scroll of torment {unknown}
 p - a scroll of fog
Potions
 d - 2 potions of brilliance
 f - a potion of flight
 l - a potion of curing
 r - a potion of haste {unknown}
 u - a potion of magic {unknown}
 v - a potion of invisibility {unknown}
 z - a potion of lignification {unknown}
 C - a potion of ambrosia {unknown}
 D - a potion of cancellation {unknown}
 E - a potion of agility {unknown}
Miscellaneous
 n - a lightning rod (inert)
 q - a fan of gales
Comestibles
 b - 22 rations


   Skills:
 * Level 8.6 Fighting
 + Level 8.7 Dodging
 * Level 15.7 Stealth
 + Level 10.7 Unarmed Combat
 + Level 5.0 Spellcasting
 + Level 7.6 Hexes
 + Level 7.4 Evocations


You had 17 spell levels left.
You knew the following spells:

 Your Spells              Type           Power        Failure   Level  Hunger
a - Confusing Touch       Hex            ##....       1%          1    #......
b - Slow                  Hex            ##......     1%          2    ###....

Your spell library contained the following spells:

 Spells                   Type           Power        Failure   Level  Hunger
 Summon Guardian Golem    Hex/Summ       #.......     17%         3    ###....
 Animate Skeleton         Necr           N/A          28%         1    #......
 Apportation              Tloc           #.....       28%         1    #......
 Infusion                 Chrm           #...         28%         1    #......
 Magic Dart               Conj           #...         28%         1    #......
 Summon Small Mammal      Summ           #...         28%         1    #......
 Blink                    Tloc           N/A          38%         2    ###....
 Call Imp                 Summ           #.......     38%         2    ###....
 Shroud of Golubria       Chrm/Tloc      #.........   38%         2    ###....
 Song of Slaying          Chrm           #.......     38%         2    ###....
 Call Canine Familiar     Summ           #.......     63%         3    ###....
 Conjure Flame            Conj/Fire      #.......     63%         3    ###....
 Mephitic Cloud           Conj/Pois/Air  #.......     63%         3    ###....
 Regeneration             Chrm/Necr      #.........   63%         3    ###....
 Summon Ice Beast         Ice/Summ       #.......     95%         4    #####..
 Summon Lightning Spire   Summ/Air       #.......     95%         4    #####..
 Spectral Weapon          Hex/Chrm       Unusable     N/A         3    N/A

Dungeon Overview and Level Annotations

Branches:
Dungeon (10/15)            Temple (1/1) D:7            Lair (5/6) D:9
 Spider (0/4) Lair:4
  Swamp: Lair:2-4    Shoals: Lair:2-4     Slime: Lair:5-6       Orc: D:9-12

Altars:
Ashenzari
Cheibriados
Dithmenos
Elyvilon
Fedhas
Gozag
Hepliaklqana
Kikubaaqudgha
Makhleb
Nemelex Xobeh
Okawaru
Qazlal
Ru
Sif Muna
Trog
Uskayaw
Vehumet
Wu Jian
Xom
Yredelemnul
Zin
The Shining One

Shops:
D:5 *   D:9 *(:*?

Annotations:
D:10 Sonja
Lair:3 1 runed translucent door
Lair:4 Josephine


Innate Abilities, Weirdness & Mutations

You cannot wear armour.
You are incapable of wielding weapons or throwing items.
Your paws allow you to move quietly. (Stealth)
You have sharp claws.
You have razor-sharp teeth.
You have supernaturally acute eyesight. (SInv)
You are carnivorous and can eat meat at any time.
You cover ground quickly.
Your thick and shaggy fur keeps you warm. (AC +3, rC+)
You have a slow metabolism.
Your sharp claws are effective at attacking unaware monsters.
You are dopey. (Int -2)
You are frail. (-10% HP)
You passively map a small area around you.
You occasionally shout uncontrollably at your foes.
You are occasionally teleported next to monsters.


Message History

Okay, then.
The black mamba completely misses you. x2
The black mamba barely misses you. The black mamba bites you!
The black mamba closely misses you. The black mamba bites you!
The black mamba completely misses you. x2
The black mamba completely misses you.
There is a stone staircase leading up here.
The black mamba bites you!
* * * LOW HITPOINT WARNING * * *
The black mamba completely misses you. The black mamba closely misses you.
You climb upwards.
Level annotation: 1 runed translucent door
There is a stone staircase leading down here.
As you read the scroll of teleportation, it crumbles to dust.
You feel strangely unstable. The black mamba bites you!
* * * LOW HITPOINT WARNING * * *
The black mamba completely misses you. x2; The black mamba bites you!
You die...

....................
.................... ,
, , ,
..........<...#... , *
###..#.#..D....#.#####
* * #
.#####.....#......# ,
P# .P #............#
..#,.. #............#
, ##.. ,,
......##.....#.. . ..
........#@S....# *
#.#.....##S....## , ,
** ##......?##+.#P#
P.....## .#*# , , , ,.
, * , *, *,* .. , *
*##* * ≈


You could see 2 black mambas.

Vanquished Creatures
  A minotaur (Gauntlet)
  2 two-headed ogres (D:8)
  6 death yaks (D:9)
  An ugly thing (D:9)
  A shining eye (Gauntlet)
  A black mamba (Lair:3)
  A spiny frog (Lair:1)
  3 meliai (Gauntlet)
  3 trolls
  A hippogriff (D:8)
  13 blink frogs
  A spriggan (D:9)
  2 shadows (Gauntlet)
  13 yaks
  A wraith (Lair:4)
  2 humans (D:7)
  Eustachio (D:5)
  A golden eye (Gauntlet)
  2 vampire mosquitoes (D:8)
  4 water moccasins
  3 porcupines
  Duvessa (D:5)
  2 sky beasts
  An orc warrior (D:7)
  An eye of draining (D:10)
  An ice beast (D:6)
  A necrophage (D:9)
  2 phantoms (D:7)
  6 wolves
  A centaur (D:8)
  9 ogres
  5 crocodiles
  3 big kobolds
  14 bullfrogs
  A wyvern zombie (D:6)
  Dowan (D:5)
  2 scorpions
  11 killer bees
  A water moccasin skeleton (D:7)
  4 wights (D:7)
  3 howler monkeys (D:8)
  5 crimson imps
  A quasit (D:7)
  A centaur skeleton (D:7)
  5 hounds
  A jelly (D:8)
  2 orc priests (D:7)
  A bullfrog skeleton (D:9)
  4 iguanas
  7 orc wizards
  8 worker ants
  A killer bee zombie (D:8)
  A hound zombie (D:9)
  A hound skeleton (D:8)
  A howler monkey zombie (D:6)
  2 worker ant zombies
  2 gnolls (D:5)
  11 adders
  A river rat (D:6)
  3 shadow imps
  2 oozes
  4 worms
  5 dart slugs
  2 leopard geckos
  22 orcs
  5 bats
  16 giant cockroaches
  7 hobgoblins
  3 jackals (D:4)
  19 kobolds
  2 quokkas
  3 ball pythons
  A ball python skeleton (D:5)
  5 frilled lizards
  4 goblins
  A jackal skeleton (D:8)
  A quokka skeleton (D:4)
  11 rats
304 creatures vanquished.

Vanquished Creatures (others)
  A deep elf mage (D:8)
  An adder zombie (D:8)
  A fungus (Lair:2)
  A plant (Lair:3)
4 creatures vanquished.

Grand Total: 308 creatures vanquished

Notes
Turn   | Place    | Note
-------+----------+-------------------------------------------
     0 | D:1      | Inarius the Felid Fighter began the quest for the Orb.
     0 | D:1      | Reached XP level 1. HP: 10/10 MP: 2/2
   316 | D:1      | Reached XP level 2. HP: 11/14 MP: 3/3
   380 | D:1      | Reached skill level 1 in Stealth
   730 | D:1      | Reached XP level 3. HP: 14/17 MP: 4/4
  1156 | D:2      | Reached skill level 2 in Stealth
  1266 | D:2      | Found a faded altar of an unknown god.
  1692 | D:2      | Found a glowing golden altar of the Shining One.
  1750 | D:2      | Reached skill level 3 in Stealth
  1824 | D:2      | Reached XP level 4. HP: 21/21 MP: 5/5
  2374 | D:3      | Learned a level 1 spell: Confusing Touch
  2587 | D:3      | Reached skill level 4 in Stealth
  2587 | D:3      | Reached XP level 5. HP: 24/24 MP: 6/6
  2594 | D:3      | Reached skill level 5 in Unarmed Combat
  2869 | D:3      | Reached skill level 1 in Hexes
  3236 | D:4      | Found a sparkling altar of Nemelex Xobeh.
  3285 | D:4      | Reached skill level 5 in Stealth
  3467 | D:5      | Entered Level 5 of the Dungeon
  3478 | D:5      | Noticed an ogre
  3720 | D:5      | Noticed a sky beast
  3740 | D:5      | Killed a sky beast
  3740 | D:5      | Gained mutation: You are covered in thick fur. (AC +2)
                  | [Felid growth]
  3740 | D:5      | Reached XP level 6. HP: 11/28 MP: 2/8
  3929 | D:5      | Noticed Duvessa
  3929 | D:5      | Noticed Dowan
  3931 | D:5      | Killed Dowan
  3931 | D:5      | Reached skill level 6 in Stealth
  3931 | D:5      | Reached skill level 1 in Spellcasting
  3961 | D:5      | Slain by Duvessa
  3962 | D:5      | Reached XP level 5. HP: -3/25 MP: 0/7
  3962 | D:5      | Found a hide-covered altar of Uskayaw.
  3962 | D:5      | Found a white marble altar of Elyvilon.
  3962 | D:5      | Found a shimmering altar of Xom.
  3962 | D:5      | Found a blossoming altar of Fedhas.
  4420 | D:4      | Killed an ogre
  4420 | D:4      | Reached XP level 6. HP: 28/28 MP: 6/8
  4440 | D:5      | Found a basalt altar of Yredelemnul.
  4663 | D:5      | Killed Duvessa
  4663 | D:5      | Reached skill level 7 in Stealth
  4920 | D:5      | Found a radiant altar of Vehumet.
  5232 | D:5      | Reached XP level 7. HP: 32/32 MP: 10/10
  5272 | D:5      | Found Esewkida's Serpentskin Sales.
  5776 | D:5      | Reached skill level 8 in Stealth
  5807 | D:5      | Noticed Eustachio
  5811 | D:5      | Reached skill level 5 in Dodging
  5813 | D:5      | Killed Eustachio
  5813 | D:5      | Reached skill level 1 in Evocations
  5813 | D:5      | Reached XP level 8. HP: 36/36 MP: 12/12
  6191 | D:6      | Reached skill level 9 in Stealth
  6870 | D:6      | Found a hazy altar of Hepliaklqana.
  6890 | D:6      | Reached skill level 10 in Stealth
  7048 | D:6      | Learned a level 2 spell: Slow
  7232 | D:6      | Reached skill level 5 in Fighting
  7460 | D:6      | Found a stormy altar of Qazlal.
  8097 | D:7      | Found a staircase to the Ecumenical Temple.
  8111 | Temple   | Entered the Ecumenical Temple
  8254 | D:7      | Reached XP level 9. HP: 40/40 MP: 11/13
  8518 | D:7      | Found an iron altar of Okawaru.
  9052 | D:7      | Reached skill level 11 in Stealth
  9115 | D:6      | Found an ornate altar of the Wu Jian Council.
  9229 | D:7      | Noticed a troll
  9237 | D:7      | Killed a troll
 10080 | D:8      | Reached skill level 12 in Stealth
 10080 | D:8      | Reached XP level 10. HP: 30/45 MP: 10/15
 10331 | D:8      | Noticed a cyclops
 10331 | D:8      | Noticed a deep elf mage
 10342 | D:8      | Noticed a centaur warrior
 10342 | D:8      | Noticed a manticore
 10342 | D:8      | Noticed a four-headed hydra
 10576 | D:8      | Noticed a two-headed ogre
 10578 | D:8      | Killed a two-headed ogre
 10578 | D:8      | Reached skill level 5 in Hexes
 10578 | D:8      | Reached skill level 5 in Evocations
 10901 | D:8      | Noticed a tengu warrior
 11250 | D:5      | Bought an uncursed ring of poison resistance for 300 gold
                  | pieces
 11783 | D:8      | Killed a deep elf mage
 12075 | D:8      | Found a radiant altar of Vehumet.
 12638 | D:7      | Reached skill level 13 in Stealth
 13473 | D:8      | Upgraded the game from 0.24-a0-7-g1bb0902 to
                  | 0.24-a0-10-gb84795d
 13496 | D:9      | Noticed a two-headed ogre
 13613 | D:8      | Killed a two-headed ogre
 14164 | D:9      | Noticed a death yak
 14165 | D:9      | Noticed a death yak
 14169 | D:9      | Noticed a death yak
 14169 | D:9      | Noticed a death yak
 14169 | D:9      | Noticed a death yak
 14183 | D:9      | Noticed a death yak
 14618 | D:7      | Slain by a troll
 14619 | D:7      | Reached XP level 9. HP: -3/43 MP: 0/15
 15143 | D:6      | Killed a troll
 15143 | D:6      | Reached XP level 10. HP: 37/47 MP: 8/17
 16166 | D:9      | Found an ornate altar of the Wu Jian Council.
 16170 | D:9      | Found Fyenly's Weapon Shop.
 16203 | D:9      | Found Salatao's Elemental Accessories.
 16226 | D:9      | Found an opulent altar of Gozag.
 16411 | D:9      | Found a staircase to the Lair.
 16413 | D:9      | Noticed a green ugly thing
 16466 | D:9      | Killed a green ugly thing
 16721 | D:9      | Found Acsint's Book Emporium.
 16784 | D:9      | Found Yhau's Magic Scroll Boutique.
 16791 | D:9      | Bought a scroll of identify for 26 gold pieces
 16791 | D:9      | Bought a scroll of magic mapping for 45 gold pieces
 16791 | D:9      | Bought a scroll of identify for 26 gold pieces
 16810 | D:9      | Noticed a death yak
 16817 | D:9      | Killed a death yak
 16821 | D:9      | Killed a death yak
 16821 | D:9      | Killed a death yak
 16821 | D:9      | Reached skill level 14 in Stealth
 16824 | D:9      | Killed a death yak
 16825 | D:9      | Killed a death yak
 16825 | D:9      | Reached XP level 11. HP: 51/51 MP: 18/18
 16827 | D:9      | Killed a death yak
 16860 | D:9      | Found Efufid's Assorted Antiques.
 16919 | D:10     | Entered Level 10 of the Dungeon
 17090 | D:10     | Noticed Sonja
 17212 | Lair:1   | Entered Level 1 of the Lair of Beasts
 17981 | Lair:2   | Reached skill level 10 in Unarmed Combat
 19622 | Lair:3   | Noticed a four-headed hydra
 19943 | Lair:3   | Found a runed translucent door.
 20065 | Lair:4   | Noticed Josephine
 20180 | Lair:4   | Reached skill level 15 in Stealth
 20246 | Lair:4   | Reached skill level 5 in Spellcasting
 20302 | Lair:4   | Found a gate leading to a gauntlet.
 20312 | Gauntlet | Entered a Gauntlet
 20312 | Gauntlet | Found a transporter.
 20312 | Gauntlet | Found a transporter.
 20316 | Gauntlet | Found a transporter.
 20325 | Gauntlet | Noticed a queen ant
 20326 | Gauntlet | Found a transporter.
 20326 | Gauntlet | Noticed a tengu warrior
 20335 | Gauntlet | Noticed a reaper
 20336 | Gauntlet | Found a transporter.
 20336 | Gauntlet | Found a transporter.
 20348 | Gauntlet | Found a transporter.
 20371 | Gauntlet | Found a transporter.
 20380 | Gauntlet | Found a transporter.
 20391 | Gauntlet | Found a transporter.
 20391 | Gauntlet | Noticed a shining eye
 20402 | Gauntlet | Found a transporter.
 20403 | Gauntlet | Noticed a catoblepas
 20447 | Gauntlet | Found a transporter.
 20461 | Gauntlet | Found a transporter.
 20477 | Gauntlet | Found a transporter.
 20565 | Gauntlet | Found a transporter.
 20582 | Gauntlet | Found a transporter.
 20588 | Gauntlet | Noticed a large abomination
 20707 | Gauntlet | Gained mutation: Your magical capacity is low. (-10% MP) [a
                  | shining eye]
 20735 | Gauntlet | Gained mutation: You tend to lose your temper in combat. [a
                  | shining eye]
 20741 | Gauntlet | Gained mutation: You have a pair of small antennae on your
                  | head. [a shining eye]
 20745 | Gauntlet | Gained mutation: You are occasionally teleported next to
                  | monsters. [a shining eye]
 20750 | Gauntlet | Gained mutation: You occasionally shout uncontrollably at
                  | your foes. [a shining eye]
 20757 | Gauntlet | Gained mutation: You are frail. (-10% HP) [a shining eye]
 20767 | Gauntlet | Killed a shining eye
 20776 | Gauntlet | Lost mutation: Your magical capacity is low. (-10% MP)
                  | [potion of mutation]
 20776 | Gauntlet | Gained mutation: You are surrounded by a mild repulsion
                  | field. (EV +2) [potion of mutation]
 20776 | Gauntlet | Gained mutation: You passively map a small area around you.
                  | [potion of mutation]
 20816 | Gauntlet | Lost mutation: You are surrounded by a mild repulsion
                  | field. (EV +2) [potion of mutation]
 20816 | Gauntlet | Lost mutation: You have a pair of small antennae on your
                  | head. [potion of mutation]
 20816 | Gauntlet | Lost mutation: You tend to lose your temper in combat.
                  | [potion of mutation]
 20816 | Gauntlet | Gained mutation: You are dopey. (Int -2) [potion of
                  | mutation]
 20816 | Gauntlet | Gained mutation: You are clumsy. (Dex -2) [potion of
                  | mutation]
 20816 | Gauntlet | Lost mutation: You are clumsy. (Dex -2) [potion of
                  | mutation]
 20889 | Gauntlet | Gained mutation: Your thick and shaggy fur keeps you warm.
                  | (AC +3, rC+) [Felid growth]
 20889 | Gauntlet | Reached XP level 12. HP: 21/50 MP: 2/20
 21026 | Gauntlet | Noticed a minotaur
 21032 | Gauntlet | Slain by a minotaur
 21033 | Gauntlet | Reached XP level 11. HP: -4/46 MP: 0/19
 21198 | Gauntlet | Killed a minotaur
 21492 | Lair:3   | Slain by a black mamba

Vault maps used:
D:1:      grunt_arrival_crossed_arrows, grunt_decor_resistance,
          minmay_worlds_worst_comb
D:2:      lemuel_doored_altar, chequers_ecumenical_altar_simple_redux,
          first_ration
D:4:      nemelex_xobeh_ov_fountains_minmay
D:5:      grunt_temple_overflow_open, basic_altar, guppyfry_shop_venom,
          uniq_eustachio, uniq_duvessa
D:6:      nicolae_overflow_hidden_temple, kennysheep_little_box, serial_bayou,
          serial_bayou_pond_a, serial_bayou_lake_a, serial_bayou_pond_a,
          serial_bayou_pond_d, nicolae_qazlal_general_emergency
D:7:      okawaru_humans
D:8:      old_standard_altar, minivault_12
D:9:      nicolae_gozag_cash_rules_everything_around_me, dpeg_lair_monsters,
          serial_shops, shop_fountains, shop, shop, nicolae_shop_trees,
          basic_altar, the_bakery, nicolae_elemental_shop
D:10:     uniq_sonja, uniq_snorg, uniq_harold
Temple:   minmay_freezing_vapour_temple
Lair:1:   beast_lair_carwin_1
Lair:2:   elwin_shoals_entry_rooms, grunt_megastairs_1, serial_bayou_shore_b,
          infiniplex_staircase_pool_2, lemuel_fruit_tree, lemuel_fruit_fields
Lair:3:   ebering_ghost_funeral_grove, serial_bayou_shore_b
Lair:4:   cheibrodos_lair_overgrown_chateau, dummy_spider_entry,
          gauntlet_entry_generic, uniq_josephine, uniq_nergalle
Lair:5:   beast_lair_carwin_4
Gauntlet: gammafunk_gauntlet_branching

Skill      XL: |  1  2  3  4  5  6  7  8  9 10 11 |
---------------+----------------------------------+-----
Stealth        | 1 3 4 5 7 8 10 12 14 15 | 15.7
Unarmed Combat | 5 6 8 9 10 | 10.7
Hexes          | 2 3 4 6 7 |  7.6
Spellcasting   | 1 2 4 5 |  5.0
Fighting       | 4 5 6 7 8 |  8.6
Dodging        | 5 7 8 |  8.7
Evocations     | 1 3 4 6 7 |  7.4

Action                   |  1- 3 |  4- 6 |  7- 9 | 10-12 || total
-------------------------+-------+-------+-------+-------++-------
Melee: Unarmed           |    86 |   135 |   323 |   577 ||  1121
       Bite              |     9 |    25 |    47 |    63 ||   144
       Punch             |     1 |     3 |    20 |    23 ||    47
 Cast: Confusing Touch   |       |     7 |    21 |    52 ||    80
       Slow              |       |       |    13 |    24 ||    37
Evoke: Wand              |       |       |     6 |    32 ||    38
       Lightning rod     |       |       |       |     5 ||     5
  Use: Potion            |     1 |       |       |    10 ||    11
       Scroll            |       |     8 |     2 |    11 ||    21
 Stab: Sleeping          |    18 |    16 |    18 |    20 ||    72
       Confused          |       |     4 |    14 |    32 ||    50
       Distracted        |       |       |     4 |     3 ||     7
  Eat: Chunk             |     9 |    11 |    11 |    30 ||    61
Armor: Skin              |       |     3 |    12 |    21 ||    36
Dodge: Dodged            |    50 |    70 |   221 |   523 ||   864

Table legend:
 A = Non-vault XP
 B = Vault XP
 C = Vault XP percentage of total XP
 D = Non-vault monster count
 E = Vault monster count
 F = Vault count percentage of total count
                 A         B        C        D         E       F
            +---------+---------+-------+---------+---------+-------
      Total |   17144 |   12702 |  42.6 |     262 |      42 |  13.8
            +---------+---------+-------+---------+---------+-------
        D:1 |      40 |      10 |  20.0 |      23 |       5 |  17.9
        D:2 |      84 |       0 |   0.0 |      25 |       0 |   0.0
        D:3 |     129 |       0 |   0.0 |      14 |       0 |   0.0
        D:4 |     178 |       0 |   0.0 |       9 |       0 |   0.0
        D:5 |     740 |     556 |  42.9 |      17 |       5 |  22.7
        D:6 |    1259 |       0 |   0.0 |      30 |       0 |   0.0
        D:7 |    3412 |     388 |  10.2 |      42 |       2 |   4.5
        D:8 |    4940 |       0 |   0.0 |      53 |       0 |   0.0
        D:9 |    1177 |    5395 |  82.1 |      18 |       7 |  28.0
       D:10 |    1229 |       0 |   0.0 |       8 |       0 |   0.0
     Lair:1 |    1125 |    2010 |  64.1 |       7 |       9 |  56.2
     Lair:2 |     751 |     686 |  47.7 |       7 |       3 |  30.0
     Lair:3 |     444 |       0 |   0.0 |       1 |       0 |   0.0
     Lair:4 |     541 |     383 |  41.5 |       4 |       3 |  42.9
     Lair:5 |    1095 |       0 |   0.0 |       4 |       0 |   0.0
   Gauntlet |       0 |    3274 | 100.0 |       0 |       8 | 100.0
            +---------+---------+-------+---------+---------+-------
